Punishers vs Atomiques

Created - April 20, 2020 at 19:21

Goals
1 2 3 T
Punishers 1 2 1 4
Atomiques 0 2 0 2
Shots
1 2 3 T
Punishers 15 14 13 42
Atomiques 11 14 3 28

1st period

1. Punishers , Tyler Bertuzzi 21 (John Quenneville 25, Austen Brassard 8) at 1:33

Penalties :
Andreas Athanasiou (Pro) for Roughing (Minor) at 12:21

2nd period

2. Atomiques , Oscar Sundqvist 30 (Corey Tropp 30, Jonathan Huberdeau 54) at 0:41
3. Atomiques , Bobby Farnham 10 (Michael Chaput 35, Kerby Rychel 14) at 0:55
4. Punishers , Miikka Salomaki 46 (Slava Voynov 52, Radek Faksa 28) at 1:01
5. Punishers , Robbie Earl 38 (Radek Faksa 29) at 14:25

Penalties :
Travis Sanheim (STB) for Hooking (Minor) at 19:42

3rd period

6. Punishers , Andreas Athanasiou 24 (Elias Lindholm 21, Madison Bowey 21) at 4:18

Penalties :
Austen Brassard (Pro) for High sticking (Minor) at 5:35, Slava Voynov (Pro) for Holding (Minor) at 6:18, Eric Mestery (STB) for Hooking (Minor) at 9:07

Goalie Stats

Louis Domingue (Pro), 26 saves from 28 shots - (0.929), W, 30-24-2, 60:00 minutes
Connor Hellebyuk (STB), 38 saves from 42 shots - (0.905), L, 28-18-7, 60:00 minutes

Players Stats for Punishers

Player Name              G  A  P  +/- PIM S  H  SB GA TA FO     MP     PP MP  PK MP  
------------------------------------------------------------------------------------
Alex Schoenborn          0  0  0   0  0   0  0  0  0  0  0/0     2:04   0:00   1:09 
Andreas Athanasiou       1  0  1   0  2   6  1  1  0  0  0/0    15:48   1:56   0:19 
Anton Blidh              0  0  0   0  0   0  0  0  0  0  0/0     0:22   0:00   0:00 
Austen Brassard          0  1  1   1  2   1  3  0  0  0  0/0    11:56   0:00   0:04 
Ben Betker               0  0  0   0  0   1  1  0  0  2  0/0    16:16   0:05   1:53 
Brett Kulak              0  0  0   2  0   0  4  0  0  1  0/0    22:03   1:27   3:06 
Carter Ashton            0  0  0   0  0   2  2  0  0  0  0/0    15:56   1:56   0:55 
Daniel Audette           0  0  0   0  0   0  1  0  0  0  0/5     8:30   0:00   0:00 
Elias Lindholm           0  1  1   0  0   1  3  0  1  0  5/12   15:07   1:56   0:00 
John Macfarland          0  0  0   0  0   0  0  0  0  0  0/0     2:17   0:18   0:26 
John Quenneville         0  1  1   1  0   2  0  0  1  0  7/9    11:53   0:00   0:00 
Keith Yandle             0  0  0   0  0   2  1  1  0  1  0/0    25:18   2:28   1:53 
Madison Bowey            0  1  1   3  0   5  3  1  0  1  0/0    25:00   1:30   2:08 
Michael Joly             0  0  0   0  0   2  0  1  1  0  0/0     9:02   0:00   0:00 
Miikka Salomaki          1  0  1   1  0   3  0  0  1  1  4/4    21:06   1:44   2:20 
Nikita Gusev             0  0  0   0  0   1  0  0  1  0  0/0     8:30   0:00   0:00 
Radek Faksa              0  2  2   1  0   4  1  0  0  0  11/18  20:42   2:02   0:23 
Robbie Earl              1  0  1   1  0   2  2  0  1  1  1/4    21:01   2:02   2:30 
Slava Voynov             0  1  1  -1  2   7  1  3  2  1  0/0    29:16   2:26   0:21 
Tyler Bertuzzi           1  0  1   1  0   3  2  0  0  2  0/0    11:53   0:00   0:00 
Zack Hamill              0  0  0   0  0   0  0  0  0  0  0/0     0:00   0:00   0:00 

Players Stats for Atomiques

Player Name              G  A  P  +/- PIM S  H  SB GA TA FO     MP     PP MP  PK MP  
------------------------------------------------------------------------------------
Anthony Nigro            0  0  0  -1  0   1  0  2  1  0  6/9    13:04   0:00   0:00 
Bobby Farnham            1  0  1  -1  0   1  3  0  0  0  1/1    16:03   2:13   0:46 
Colby Cohen              0  0  0  -1  0   3  1  1  0  0  0/0    21:34   1:48   1:33 
Corey Tropp              0  1  1   0  0   5  2  0  1  1  2/3    20:57   2:20   2:07 
Dalton Smith             0  0  0  -1  0   1  2  1  0  0  0/0    14:56   0:06   0:40 
Dustin Kohn              0  0  0  -1  0   3  3  3  1  1  0/0    25:55   2:53   2:25 
Eric Mestery             0  0  0   0  2   1  1  0  2  0  0/0    13:31   0:00   0:44 
Joel Vermin              0  0  0   0  0   0  0  0  0  1  0/0     8:51   0:08   0:00 
Jonathan Huberdeau       0  1  1   0  0   3  1  0  2  0  0/2    19:56   2:22   1:05 
Joseph Cramarossa        0  0  0   0  0   0  0  0  0  0  0/0     7:48   0:00   0:00 
Kerby Rychel             0  1  1  -1  0   1  1  1  1  0  0/1    14:42   2:13   0:00 
Matt Tennyson            0  0  0  -1  0   0  0  1  0  0  0/0    25:55   2:53   2:25 
Michael Chaput           0  1  1  -1  0   1  2  0  0  0  2/4    16:19   2:13   1:11 
Nick Schmaltz            0  0  0   0  0   1  0  0  0  1  1/2     7:48   0:00   0:00 
Oscar Sundqvist          1  0  1   0  0   1  3  0  0  0  12/30  20:57   2:20   2:07 
Travis Sanheim           0  0  0   0  2   3  1  0  0  3  0/0    13:08   0:00   0:33 
Wiley Sherman            0  0  0  -1  0   1  2  3  0  1  0/0    20:17   1:48   0:16 
William Nylander         0  0  0  -1  0   2  0  1  2  0  0/0    14:19   0:08   0:00 

3 Stars

1 - Madison Bowey (Pro)
2 - Robbie Earl (Pro)
3 - Tyler Bertuzzi (Pro)

Power Play

Punishers - 0 on 2 Attempt(s) - 0.00%
Atomiques - 0 on 3 Attempt(s) - 0.00%

Penalty Kill

Punishers - 3 on 3 Attempt(s) - 100.00% - Score 0 goal in Penalty Kill
Atomiques - 2 on 2 Attempt(s) - 100.00% - Score 0 goal in Penalty Kill

Team Stat

Punishers - Hits : 25 - Faceoff Wins : 28 - Blocked Shots : 7 - Penalty Minutes : 6
Atomiques - Hits : 22 - Faceoff Wins : 24 - Blocked Shots : 13 - Penalty Minutes : 4

Official

Referees : Unknown
Linesman : Unknown

Game Notes

No Game Note

Finance

Level 1 -- Attendance: 1260 (63.00%) -- Ticket Income $50,400
Level 2 -- Attendance: 694 (69.40%) -- Ticket Income $13,880
Total Attendance: 1954 (65.13%)
Total Ticket Income: $64,280
Other Income: $3,214
Total Income: $67,494

Punishers

5 vs 5 Forward 
   Center                   Left Wing                Right Wing               Time % Phy DF OF 
 1 Radek Faksa              Robbie Earl              Miikka Salomaki          40     1   2  2  
 2 Elias Lindholm           Andreas Athanasiou       Carter Ashton            30     1   2  2  
 3 John Quenneville         Tyler Bertuzzi           Austen Brassard          20     1   2  2  
 4 Daniel Audette           Nikita Gusev             Michael Joly             10     1   2  2  

5 vs 5 Defense 
   Defense                  Defense                                           Time % Phy DF OF 
 1 Slava Voynov             Keith Yandle                                      40     1   2  2  
 2 Madison Bowey            Brett Kulak                                       30     1   2  2  
 3 Ben Betker               Slava Voynov                                      20     1   2  2  
 4 Keith Yandle             Madison Bowey                                     10     1   2  2  

PowerPlay Forward 
   Center                   Left Wing                Right Wing               Time % Phy DF OF 
 1 Radek Faksa              Robbie Earl              Miikka Salomaki          60     1   2  2  
 2 Elias Lindholm           Andreas Athanasiou       Carter Ashton            40     1   2  2  

PowerPlay Defense
   Defense                  Defense                                           Time % Phy DF OF 
 1 Slava Voynov             Keith Yandle                                      60     1   2  2  
 2 Madison Bowey            Brett Kulak                                       40     1   2  2  

Penalty Kill 4 Players Forward 
   Center                   Wing                     Time % Phy DF OF 
 1 Robbie Earl              Miikka Salomaki          60     1   2  2  
 2 Andreas Athanasiou       Carter Ashton            40     1   2  2  

Penalty Kill 4 Players Defense
   Defense                  Defense                  Time % Phy DF OF 
 1 Slava Voynov             Keith Yandle             60     1   2  2  
 2 Madison Bowey            Brett Kulak              40     1   2  2  

Penalty Kill - 3 Players Forward 
   Forward                                           Time % Phy DF OF 
 1 Robbie Earl                                       60     1   2  2  
 2 Miikka Salomaki                                   40     1   2  2  

Penalty Kill - 3 Players Defense
   Defense                  Defense                  Time % Phy DF OF 
 1 Slava Voynov             Keith Yandle             60     1   2  2  
 2 Madison Bowey            Brett Kulak              40     1   2  2  

4 vs 4 Forward 
   Center                   Wing                     Time % Phy DF OF 
 1 Robbie Earl              Miikka Salomaki          60     1   2  2  
 2 Andreas Athanasiou       Carter Ashton            40     1   2  2  

4 vs 4 Defense
   Defense                  Defense                  Time % Phy DF OF 
 1 Slava Voynov             Keith Yandle             60     1   2  2  
 2 Madison Bowey            Brett Kulak              40     1   2  2  

Last Minutes Offensive
   Center                   Left Wing                Right Wing               Defense                  Defense                  
   Radek Faksa              Robbie Earl              Miikka Salomaki          Slava Voynov             Keith Yandle             

Last Minutes Defensive
   Center                   Left Wing                Right Wing               Defense                  Defense                  
   Radek Faksa              Robbie Earl              Miikka Salomaki          Slava Voynov             Keith Yandle             

Goaltenders
Starting : Louis Domingue           
Backup : Daniel Altshuller        

Extra Forwards
Normal : John Macfarland, Anton Blidh, Alex Schoenborn - PP : John Macfarland, Anton Blidh - PK : Alex Schoenborn
Extra Defensemen
Normal : Ben Betker, Brett Kulak, Slava Voynov - PP : Ben Betker - PK : Brett Kulak, Slava Voynov
Penalty Shots
Robbie Earl, Miikka Salomaki, Andreas Athanasiou, Carter Ashton, Radek Faksa

Scratches
Ivan Nalimov (Healthy)

Atomiques

5 vs 5 Forward 
   Center                   Left Wing                Right Wing               Time % Phy DF OF 
 1 Oscar Sundqvist          Jonathan Huberdeau       Corey Tropp              40     1   2  2  
 2 Michael Chaput           Kerby Rychel             Bobby Farnham            30     1   2  2  
 3 Anthony Nigro            Dalton Smith             William Nylander         20     1   2  2  
 4 Nick Schmaltz            Joseph Cramarossa        Joel Vermin              10     1   2  2  

5 vs 5 Defense 
   Defense                  Defense                                           Time % Phy DF OF 
 1 Dustin Kohn              Matt Tennyson                                     40     1   2  2  
 2 Colby Cohen              Wiley Sherman                                     30     1   2  2  
 3 Eric Mestery             Travis Sanheim                                    20     1   2  2  
 4 Dustin Kohn              Matt Tennyson                                     10     1   2  2  

PowerPlay Forward 
   Center                   Left Wing                Right Wing               Time % Phy DF OF 
 1 Oscar Sundqvist          Jonathan Huberdeau       Corey Tropp              60     1   2  2  
 2 Michael Chaput           Kerby Rychel             Bobby Farnham            40     1   2  2  

PowerPlay Defense
   Defense                  Defense                                           Time % Phy DF OF 
 1 Dustin Kohn              Matt Tennyson                                     60     1   2  2  
 2 Colby Cohen              Wiley Sherman                                     40     1   2  2  

Penalty Kill 4 Players Forward 
   Center                   Wing                     Time % Phy DF OF 
 1 Corey Tropp              Oscar Sundqvist          60     1   2  2  
 2 Michael Chaput           Bobby Farnham            40     1   2  2  

Penalty Kill 4 Players Defense
   Defense                  Defense                  Time % Phy DF OF 
 1 Dustin Kohn              Matt Tennyson            60     1   2  2  
 2 Colby Cohen              Eric Mestery             40     1   2  2  

Penalty Kill - 3 Players Forward 
   Forward                                           Time % Phy DF OF 
 1 Corey Tropp                                       60     1   2  2  
 2 Oscar Sundqvist                                   40     1   2  2  

Penalty Kill - 3 Players Defense
   Defense                  Defense                  Time % Phy DF OF 
 1 Dustin Kohn              Matt Tennyson            60     1   2  2  
 2 Colby Cohen              Wiley Sherman            40     1   2  2  

4 vs 4 Forward 
   Center                   Wing                     Time % Phy DF OF 
 1 Corey Tropp              Jonathan Huberdeau       60     1   2  2  
 2 Michael Chaput           William Nylander         40     1   2  2  

4 vs 4 Defense
   Defense                  Defense                  Time % Phy DF OF 
 1 Dustin Kohn              Matt Tennyson            60     1   2  2  
 2 Colby Cohen              Wiley Sherman            40     1   2  2  

Last Minutes Offensive
   Center                   Left Wing                Right Wing               Defense                  Defense                  
   Oscar Sundqvist          Jonathan Huberdeau       Corey Tropp              Dustin Kohn              Matt Tennyson            

Last Minutes Defensive
   Center                   Left Wing                Right Wing               Defense                  Defense                  
   Oscar Sundqvist          Kerby Rychel             Corey Tropp              Dustin Kohn              Matt Tennyson            

Goaltenders
Starting : Connor Hellebyuk         
Backup : Thatcher Demko           

Extra Forwards
Normal : William Nylander, Jonathan Huberdeau, Kerby Rychel - PP : William Nylander, Jonathan Huberdeau - PK : Jonathan Huberdeau
Extra Defensemen
Normal : Wiley Sherman, Travis Sanheim, Matt Tennyson - PP : Travis Sanheim - PK : Travis Sanheim, Wiley Sherman
Penalty Shots
Oscar Sundqvist, Bobby Farnham, Michael Chaput, Matt Tennyson, Jonathan Huberdeau

Scratches
Mike Halmo (Healthy), Freddie Hamilton (Healthy), Max McCormick (Healthy), Jordan Schmaltz (Healthy), Connor Clifton (Healthy)
Carl Dahlstrom (Healthy), Nicolas Aube-Kubel (Healthy), Axel Holmstrom (Healthy), Keegan Iverson (Healthy), Aaron Haydon (Healthy)

% Time on Ice - Punishers

Lines # - Real PCT - Wanted PCT - Time Play
Normal Forward
1 - 35% - 40% - 17:53
2 - 25% - 30% - 13:05
3 - 23% - 20% - 11:53
4 - 17% - 10% - 8:30
Normal Defense
1 - 34% - 40% - 17:25
2 - 31% - 30% - 15:55
3 - 23% - 20% - 11:47
4 - 12% - 10% - 6:14
PP Forward
1 - 51% - 60% - 2:02
2 - 49% - 40% - 1:56
PP Defense
1 - 62% - 60% - 2:28
2 - 38% - 40% - 1:30
PK Forward
1 - 71% - 60% - 2:26
2 - 29% - 40% - 0:59
PK Defense
1 - 42% - 60% - 1:27
2 - 58% - 40% - 1:58
PK3 Forward
1 - 79% - 60% - 1:00
2 - 21% - 40% - 0:16
PK3 Defense
1 - 87% - 60% - 1:06
2 - 13% - 40% - 0:10
44 Forward
1 - 0% - 60%
2 - 0% - 40%
44 Defense
1 - 0% - 60%
2 - 0% - 40%
Last Minute Offensive  - 0:00
Last Minute Defensive  - 0:00
Total
Forward - 60:00
Defense - 60:00

% Time on Ice - Atomiques

Lines # - Real PCT - Wanted PCT - Time Play
Normal Forward
1 - 34% - 40% - 17:40
2 - 25% - 30% - 12:49
3 - 25% - 20% - 13:04
4 - 15% - 10% - 7:48
Normal Defense
1 - 35% - 40% - 18:10
2 - 35% - 30% - 18:13
3 - 24% - 20% - 12:31
4 - 5% - 10% - 2:27
PP Forward
1 - 53% - 60% - 2:28
2 - 47% - 40% - 2:13
PP Defense
1 - 62% - 60% - 2:53
2 - 38% - 40% - 1:48
PK Forward
1 - 81% - 60% - 3:12
2 - 19% - 40% - 0:46
PK Defense
1 - 61% - 60% - 2:25
2 - 39% - 40% - 1:33
PK3 Forward
1 - 0% - 60%
2 - 0% - 40%
PK3 Defense
1 - 0% - 60%
2 - 0% - 40%
44 Forward
1 - 0% - 60%
2 - 0% - 40%
44 Defense
1 - 0% - 60%
2 - 0% - 40%
Last Minute Offensive  - 0:00
Last Minute Defensive  - 0:00
Total
Forward - 60:00
Defense - 60:00

Play-by-Play

1st period


0:01 of 1st period - Oscar Sundqvist wins face-off versus Robbie Earl in neutral zone.
0:06 of 1st period - Wrist shot by Jonathan Huberdeau.
0:06 of 1st period - Shot Blocked by Slava Voynov.
0:26 of 1st period - Keith Yandle is hit by Dustin Kohn and loses puck.
0:32 of 1st period - Off-side.
0:33 of 1st period - John Quenneville wins face-off versus Michael Chaput in neutral zone.
0:58 of 1st period - Brett Kulak is hit by Kerby Rychel and loses puck.
1:05 of 1st period - Slapshot by John Quenneville.
1:05 of 1st period - Shot Misses the Net.
1:09 of 1st period - Slapshot by Slava Voynov.
1:09 of 1st period - Shot Blocked by Colby Cohen.
1:33 of 1st period - Snap shot by Tyler Bertuzzi.
1:33 of 1st period - Goal by Tyler Bertuzzi - Punishers : 1 - Atomiques : 0.
1:34 of 1st period - Anthony Nigro wins face-off versus Radek Faksa in neutral zone.
1:37 of 1st period - Eric Mestery is hit by Robbie Earl and loses puck.
1:50 of 1st period - Wrist shot by Robbie Earl.
1:50 of 1st period - Shot Misses the Net.
3:17 of 1st period - Slapshot by Tyler Bertuzzi.
3:17 of 1st period - Shot Misses the Net.
3:19 of 1st period - Wrist shot by Madison Bowey.
3:19 of 1st period - Stopped by Connor Hellebyuk with a rebound.
3:21 of 1st period - Slapshot by Madison Bowey.
3:21 of 1st period - Shot Blocked by Wiley Sherman.
3:23 of 1st period - Slapshot by Madison Bowey.
3:23 of 1st period - Deflect By Corey Tropp.
3:23 of 1st period - Stopped by Connor Hellebyuk without a rebound.
3:24 of 1st period - Anthony Nigro wins face-off versus Daniel Audette in Atomiques zone.
4:14 of 1st period - Slapshot by Matt Tennyson.
4:14 of 1st period - Shot Misses the Net.
4:16 of 1st period - Wrist shot by Matt Tennyson.
4:16 of 1st period - Shot Misses the Net.
4:18 of 1st period - Wrist shot by Nick Schmaltz.
4:18 of 1st period - Stopped by Louis Domingue without a rebound.
4:19 of 1st period - Radek Faksa wins face-off versus Oscar Sundqvist in Punishers zone.
4:44 of 1st period - Eric Mestery is hit by Carter Ashton and loses puck.
5:05 of 1st period - Snap shot by Michael Chaput.
5:05 of 1st period - Stopped by Louis Domingue without a rebound.
5:06 of 1st period - Bobby Farnham wins face-off versus Daniel Audette in Punishers zone.
5:15 of 1st period - Snap shot by Michael Chaput.
5:15 of 1st period - Shot Blocked by Slava Voynov.
5:17 of 1st period - Snap shot by Michael Chaput.
5:17 of 1st period - Shot Misses the Net.
5:19 of 1st period - Slapshot by Matt Tennyson.
5:19 of 1st period - Shot Blocked by Michael Joly.
5:21 of 1st period - Snap shot by Kerby Rychel.
5:21 of 1st period - Deflect By Michael Chaput.
5:21 of 1st period - Shot Misses the Net.
5:21 of 1st period - Puck is out of play.
5:22 of 1st period - Miikka Salomaki wins face-off versus Oscar Sundqvist in Punishers zone.
5:22 of 1st period - Miikka Salomaki is hit by Corey Tropp.
5:34 of 1st period - Snap shot by Jonathan Huberdeau.
5:34 of 1st period - Shot Misses the Net.
5:36 of 1st period - Slapshot by Dustin Kohn.
5:36 of 1st period - Stopped by Louis Domingue with a rebound.
5:54 of 1st period - Slapshot by Travis Sanheim.
5:54 of 1st period - Shot Blocked by Keith Yandle.
5:58 of 1st period - Slapshot by Travis Sanheim.
5:58 of 1st period - Stopped by Louis Domingue with a rebound.
6:00 of 1st period - Slapshot by Eric Mestery.
6:00 of 1st period - Stopped by Louis Domingue with a rebound.
7:34 of 1st period - Slapshot by Corey Tropp.
7:34 of 1st period - Stopped by Louis Domingue without a rebound.
7:35 of 1st period - John Quenneville wins face-off versus Oscar Sundqvist in Punishers zone.
7:40 of 1st period - Backhand shot by Jonathan Huberdeau.
7:40 of 1st period - Stopped by Louis Domingue without a rebound.
7:41 of 1st period - Oscar Sundqvist wins face-off versus Radek Faksa in Punishers zone.
8:26 of 1st period - Wrist shot by Nikita Gusev.
8:26 of 1st period - Shot Hit the Post.
8:30 of 1st period - Slapshot by Keith Yandle.
8:30 of 1st period - Stopped by Connor Hellebyuk with a rebound.
8:32 of 1st period - Wrist shot by Madison Bowey.
8:32 of 1st period - Shot Blocked by Dustin Kohn.
8:34 of 1st period - Slapshot by Madison Bowey.
8:34 of 1st period - Stopped by Connor Hellebyuk with a rebound.
9:30 of 1st period - Snap shot by Michael Chaput.
9:30 of 1st period - Shot Misses the Net.
9:32 of 1st period - Slapshot by Travis Sanheim.
9:32 of 1st period - Stopped by Louis Domingue with a rebound.
9:48 of 1st period - Slapshot by Slava Voynov.
9:48 of 1st period - Deflect By Wiley Sherman.
9:48 of 1st period - Stopped by Connor Hellebyuk without a rebound.
9:49 of 1st period - Anthony Nigro wins face-off versus Daniel Audette in Atomiques zone.
10:11 of 1st period - William Nylander is hit by Ben Betker and loses puck.
10:16 of 1st period - Snap shot by Nikita Gusev.
10:16 of 1st period - Shot Misses the Net.
10:18 of 1st period - Slapshot by Keith Yandle.
10:18 of 1st period - Stopped by Connor Hellebyuk with a rebound.
10:20 of 1st period - Slapshot by Madison Bowey.
10:20 of 1st period - Stopped by Connor Hellebyuk without a rebound.
10:21 of 1st period - Oscar Sundqvist wins face-off versus Radek Faksa in Atomiques zone.
10:47 of 1st period - Keith Yandle is hit by Dustin Kohn and loses puck.
10:56 of 1st period - Slapshot by Kerby Rychel.
10:56 of 1st period - Shot Blocked by Slava Voynov.
10:58 of 1st period - Slapshot by Michael Chaput.
10:58 of 1st period - Shot Misses the Net.
12:19 of 1st period - Slapshot by Dustin Kohn.
12:19 of 1st period - Stopped by Louis Domingue with a rebound.
12:21 of 1st period - Minor Penalty to Andreas Athanasiou for Roughing.
12:22 of 1st period - Oscar Sundqvist wins face-off versus Robbie Earl in Punishers zone.
12:31 of 1st period - Wrist shot by Jonathan Huberdeau.
12:31 of 1st period - Stopped by Louis Domingue with a rebound.
13:01 of 1st period - Madison Bowey is hit by Bobby Farnham and loses puck.
14:21 of 1st period - Penalty to Andreas Athanasiou is over, Andreas Athanasiou is back on ice.
14:54 of 1st period - Nick Schmaltz is hit by Tyler Bertuzzi and loses puck.
14:59 of 1st period - Snap shot by Slava Voynov.
14:59 of 1st period - Stopped by Connor Hellebyuk with a rebound.
15:17 of 1st period - Travis Sanheim is hit by Daniel Audette and loses puck.
16:36 of 1st period - Icing by Wiley Sherman.
16:37 of 1st period - Nick Schmaltz wins face-off versus John Quenneville in Atomiques zone.
17:02 of 1st period - Elias Lindholm is hit by Bobby Farnham and loses puck.
17:23 of 1st period - Backhand shot by Jonathan Huberdeau.
17:23 of 1st period - Stopped by Louis Domingue with a rebound.
17:31 of 1st period - Corey Tropp is hit by Brett Kulak and loses puck.
18:01 of 1st period - Off-side.
18:02 of 1st period - John Quenneville wins face-off versus Oscar Sundqvist in neutral zone.
18:07 of 1st period - Snap shot by Tyler Bertuzzi.
18:07 of 1st period - Stopped by Connor Hellebyuk with a rebound.
18:52 of 1st period - Miikka Salomaki is hit by Dalton Smith and loses puck.
19:34 of 1st period - Slapshot by Slava Voynov.
19:34 of 1st period - Stopped by Connor Hellebyuk without a rebound.
19:35 of 1st period - Oscar Sundqvist wins face-off versus Radek Faksa in Atomiques zone.
19:40 of 1st period - Snap shot by Robbie Earl.
19:40 of 1st period - Stopped by Connor Hellebyuk without a rebound.
19:41 of 1st period - Radek Faksa wins face-off versus Oscar Sundqvist in Atomiques zone.
19:50 of 1st period - Snap shot by Radek Faksa.
19:50 of 1st period - Stopped by Connor Hellebyuk with a rebound.
19:52 of 1st period - Slapshot by Ben Betker.
19:52 of 1st period - Stopped by Connor Hellebyuk with a rebound.
19:54 of 1st period - Slapshot by Slava Voynov.
19:54 of 1st period - Deflect By Radek Faksa.
19:54 of 1st period - Stopped by Connor Hellebyuk with a rebound.
19:56 of 1st period - Wrist shot by Robbie Earl.
19:56 of 1st period - Shot Misses the Net.
Goals for this period are 1 for Punishers vs 0 for Atomiques.
Shots for this period are 15 for Punishers vs 11 for Atomiques.

2nd period


0:01 of 2nd period - Radek Faksa wins face-off versus Jonathan Huberdeau in neutral zone.
0:24 of 2nd period - Miikka Salomaki is hit by Corey Tropp and loses puck.
0:37 of 2nd period - Slapshot by Corey Tropp.
0:37 of 2nd period - Shot Misses the Net.
0:39 of 2nd period - Backhand shot by Corey Tropp.
0:39 of 2nd period - Stopped by Louis Domingue with a rebound.
0:41 of 2nd period - Wrist shot by Oscar Sundqvist.
0:41 of 2nd period - Goal by Oscar Sundqvist - Punishers : 1 - Atomiques : 1.
0:42 of 2nd period - Michael Chaput wins face-off versus Elias Lindholm in neutral zone.
0:53 of 2nd period - Snap shot by Michael Chaput.
0:53 of 2nd period - Shot Misses the Net.
0:55 of 2nd period - Snap shot by Bobby Farnham.
0:55 of 2nd period - Goal by Bobby Farnham - Punishers : 1 - Atomiques : 2.
0:56 of 2nd period - Radek Faksa wins face-off versus Oscar Sundqvist in neutral zone.
1:01 of 2nd period - Wrist shot by Miikka Salomaki.
1:01 of 2nd period - Deflect By Jonathan Huberdeau.
1:01 of 2nd period - Goal by Miikka Salomaki - Punishers : 2 - Atomiques : 2.
1:02 of 2nd period - Oscar Sundqvist wins face-off versus Radek Faksa in neutral zone.
1:27 of 2nd period - Dustin Kohn is hit by Keith Yandle and loses puck.
1:34 of 2nd period - Slapshot by Carter Ashton.
1:34 of 2nd period - Stopped by Connor Hellebyuk with a rebound.
2:35 of 2nd period - Slapshot by Slava Voynov.
2:35 of 2nd period - Deflect By Radek Faksa.
2:35 of 2nd period - Stopped by Connor Hellebyuk without a rebound.
2:36 of 2nd period - Radek Faksa wins face-off versus Nick Schmaltz in Atomiques zone.
2:45 of 2nd period - Snap shot by Colby Cohen.
2:45 of 2nd period - Stopped by Louis Domingue with a rebound.
2:47 of 2nd period - Slapshot by Wiley Sherman.
2:47 of 2nd period - Deflect By Robbie Earl.
2:47 of 2nd period - Stopped by Louis Domingue with a rebound.
2:49 of 2nd period - Snap shot by Nick Schmaltz.
2:49 of 2nd period - Shot Misses the Net.
2:51 of 2nd period - Slapshot by Colby Cohen.
2:51 of 2nd period - Stopped by Louis Domingue with a rebound.
4:29 of 2nd period - Dustin Kohn is hit by Carter Ashton and loses puck.
4:59 of 2nd period - Corey Tropp is hit by Brett Kulak and loses puck.
5:14 of 2nd period - William Nylander is hit by Austen Brassard and loses puck.
5:49 of 2nd period - Wrist shot by Dalton Smith.
5:49 of 2nd period - Stopped by Louis Domingue with a rebound.
5:51 of 2nd period - Slapshot by Dalton Smith.
5:51 of 2nd period - Shot Misses the Net.
5:53 of 2nd period - Wrist shot by William Nylander.
5:53 of 2nd period - Stopped by Louis Domingue with a rebound.
6:32 of 2nd period - Wrist shot by William Nylander.
6:32 of 2nd period - Stopped by Louis Domingue with a rebound.
6:47 of 2nd period - Eric Mestery is hit by Brett Kulak and loses puck.
6:58 of 2nd period - Slapshot by Nikita Gusev.
6:58 of 2nd period - Shot Blocked by Anthony Nigro.
7:00 of 2nd period - Wrist shot by Radek Faksa.
7:00 of 2nd period - Shot Blocked by Anthony Nigro.
7:02 of 2nd period - Slapshot by Slava Voynov.
7:02 of 2nd period - Stopped by Connor Hellebyuk without a rebound.
7:03 of 2nd period - Miikka Salomaki wins face-off versus Jonathan Huberdeau in Atomiques zone.
7:04 of 2nd period - Snap shot by Robbie Earl.
7:04 of 2nd period - Shot Blocked by Wiley Sherman.
7:06 of 2nd period - Wrist shot by Radek Faksa.
7:06 of 2nd period - Shot Misses the Net.
7:08 of 2nd period - Slapshot by Slava Voynov.
7:08 of 2nd period - Stopped by Connor Hellebyuk with a rebound.
7:10 of 2nd period - Snap shot by Robbie Earl.
7:10 of 2nd period - Shot Misses the Net.
7:32 of 2nd period - Wrist shot by John Quenneville.
7:32 of 2nd period - Stopped by Connor Hellebyuk with a rebound.
7:36 of 2nd period - Snap shot by Slava Voynov.
7:36 of 2nd period - Deflect By Austen Brassard.
7:36 of 2nd period - Stopped by Connor Hellebyuk with a rebound.
7:38 of 2nd period - Snap shot by Radek Faksa.
7:38 of 2nd period - Shot Misses the Net.
7:40 of 2nd period - Snap shot by Tyler Bertuzzi.
7:40 of 2nd period - Shot Blocked by Kerby Rychel.
7:56 of 2nd period - Slapshot by Joel Vermin.
7:56 of 2nd period - Shot Blocked by Madison Bowey.
7:58 of 2nd period - Slapshot by Colby Cohen.
7:58 of 2nd period - Deflect By Madison Bowey.
7:58 of 2nd period - Stopped by Louis Domingue with a rebound.
8:42 of 2nd period - Elias Lindholm is hit by Travis Sanheim and loses puck.
9:05 of 2nd period - Radek Faksa is hit by Bobby Farnham and loses puck.
9:15 of 2nd period - Icing by Eric Mestery.
9:16 of 2nd period - John Quenneville wins face-off versus Oscar Sundqvist in Atomiques zone.
9:21 of 2nd period - Snap shot by Tyler Bertuzzi.
9:21 of 2nd period - Shot Misses the Net.
9:23 of 2nd period - Wrist shot by John Quenneville.
9:23 of 2nd period - Shot Misses the Net.
9:25 of 2nd period - Slapshot by Tyler Bertuzzi.
9:25 of 2nd period - Stopped by Connor Hellebyuk without a rebound.
9:26 of 2nd period - Elias Lindholm wins face-off versus Oscar Sundqvist in Atomiques zone.
9:27 of 2nd period - Snap shot by Andreas Athanasiou.
9:27 of 2nd period - Stopped by Connor Hellebyuk without a rebound.
9:28 of 2nd period - Oscar Sundqvist wins face-off versus Elias Lindholm in Atomiques zone.
9:28 of 2nd period - Oscar Sundqvist is hit by Andreas Athanasiou.
9:34 of 2nd period - Brett Kulak is hit by Oscar Sundqvist and loses puck.
10:18 of 2nd period - Icing by Tyler Bertuzzi.
10:19 of 2nd period - Anthony Nigro wins face-off versus John Quenneville in Punishers zone.
10:24 of 2nd period - Snap shot by William Nylander.
10:24 of 2nd period - Shot Misses the Net.
10:34 of 2nd period - Colby Cohen is hit by Austen Brassard and loses puck.
10:48 of 2nd period - Colby Cohen is hit by Austen Brassard and loses puck.
10:53 of 2nd period - Snap shot by John Quenneville.
10:53 of 2nd period - Shot Misses the Net.
10:57 of 2nd period - Snap shot by Tyler Bertuzzi.
10:57 of 2nd period - Deflect By John Quenneville.
10:57 of 2nd period - Stopped by Connor Hellebyuk without a rebound.
10:58 of 2nd period - Oscar Sundqvist wins face-off versus Radek Faksa in Atomiques zone.
11:31 of 2nd period - Slapshot by Carter Ashton.
11:31 of 2nd period - Stopped by Connor Hellebyuk with a rebound.
11:33 of 2nd period - Slapshot by Madison Bowey.
11:33 of 2nd period - Shot Misses the Net.
11:35 of 2nd period - Wrist shot by Andreas Athanasiou.
11:35 of 2nd period - Shot Blocked by Matt Tennyson.
12:30 of 2nd period - Snap shot by Andreas Athanasiou.
12:30 of 2nd period - Stopped by Connor Hellebyuk with a rebound.
12:57 of 2nd period - Off-side.
12:58 of 2nd period - Radek Faksa wins face-off versus Oscar Sundqvist in neutral zone.
13:03 of 2nd period - Wrist shot by Miikka Salomaki.
13:03 of 2nd period - Shot Misses the Net.
13:23 of 2nd period - Kerby Rychel is hit by Madison Bowey and loses puck.
13:48 of 2nd period - Wrist shot by Anthony Nigro.
13:48 of 2nd period - Deflect By Dalton Smith.
13:48 of 2nd period - Shot Misses the Net.
13:48 of 2nd period - Puck is out of play.
13:49 of 2nd period - John Quenneville wins face-off versus Anthony Nigro in Punishers zone.
14:02 of 2nd period - Backhand shot by John Quenneville.
14:02 of 2nd period - Shot Misses the Net.
14:20 of 2nd period - Slapshot by Slava Voynov.
14:20 of 2nd period - Shot Misses the Net.
14:23 of 2nd period - Icing by Dalton Smith.
14:24 of 2nd period - Radek Faksa wins face-off versus Anthony Nigro in Atomiques zone.
14:25 of 2nd period - Wrist shot by Robbie Earl.
14:25 of 2nd period - Goal by Robbie Earl - Punishers : 3 - Atomiques : 2.
14:26 of 2nd period - Radek Faksa wins face-off versus Oscar Sundqvist in neutral zone.
14:28 of 2nd period - Off-side.
14:29 of 2nd period - Radek Faksa wins face-off versus Oscar Sundqvist in neutral zone.
14:57 of 2nd period - Wrist shot by Anthony Nigro.
14:57 of 2nd period - Stopped by Louis Domingue without a rebound.
14:58 of 2nd period - Elias Lindholm wins face-off versus Anthony Nigro in Punishers zone.
15:14 of 2nd period - Wrist shot by William Nylander.
15:14 of 2nd period - Shot Blocked by Andreas Athanasiou.
15:49 of 2nd period - Snap shot by Dustin Kohn.
15:49 of 2nd period - Stopped by Louis Domingue without a rebound.
15:50 of 2nd period - Radek Faksa wins face-off versus Oscar Sundqvist in Punishers zone.
15:55 of 2nd period - Wrist shot by Radek Faksa.
15:55 of 2nd period - Stopped by Connor Hellebyuk with a rebound.
15:59 of 2nd period - Snap shot by Miikka Salomaki.
15:59 of 2nd period - Shot Misses the Net.
16:24 of 2nd period - Snap shot by Kerby Rychel.
16:24 of 2nd period - Stopped by Louis Domingue with a rebound.
17:14 of 2nd period - Ben Betker is hit by Colby Cohen and loses puck.
17:21 of 2nd period - Radek Faksa is hit by Dalton Smith and loses puck.
18:33 of 2nd period - Off-side.
18:34 of 2nd period - Oscar Sundqvist wins face-off versus Elias Lindholm in neutral zone.
18:41 of 2nd period - Slapshot by Dustin Kohn.
18:41 of 2nd period - Deflect By Corey Tropp.
18:41 of 2nd period - Stopped by Louis Domingue without a rebound.
18:42 of 2nd period - Oscar Sundqvist wins face-off versus Elias Lindholm in Punishers zone.
18:51 of 2nd period - Wrist shot by Jonathan Huberdeau.
18:51 of 2nd period - Shot Misses the Net.
18:53 of 2nd period - Slapshot by Dustin Kohn.
18:53 of 2nd period - Shot Misses the Net.
18:55 of 2nd period - Slapshot by Matt Tennyson.
18:55 of 2nd period - Shot Misses the Net.
19:42 of 2nd period - Minor Penalty to Travis Sanheim for Hooking.
19:43 of 2nd period - Elias Lindholm wins face-off versus Corey Tropp in Atomiques zone.
Goals for this period are 2 for Punishers vs 2 for Atomiques.
Shots for this period are 14 for Punishers vs 14 for Atomiques.

3rd period


0:01 of 3rd period - Corey Tropp wins face-off versus Radek Faksa in neutral zone.
1:42 of 3rd period - Penalty to Travis Sanheim is over, Travis Sanheim is back on ice.
1:53 of 3rd period - Dustin Kohn is hit by Madison Bowey and loses puck.
2:16 of 3rd period - Snap shot by Nikita Gusev.
2:16 of 3rd period - Stopped by Connor Hellebyuk without a rebound.
2:17 of 3rd period - Anthony Nigro wins face-off versus Daniel Audette in Atomiques zone.
2:33 of 3rd period - Slapshot by Travis Sanheim.
2:33 of 3rd period - Deflect By Daniel Audette.
2:33 of 3rd period - Stopped by Louis Domingue without a rebound.
2:34 of 3rd period - Radek Faksa wins face-off versus Oscar Sundqvist in Punishers zone.
2:43 of 3rd period - Snap shot by Robbie Earl.
2:43 of 3rd period - Deflect By Radek Faksa.
2:43 of 3rd period - Shot Misses the Net.
2:43 of 3rd period - Puck is out of play.
2:44 of 3rd period - Miikka Salomaki wins face-off versus Oscar Sundqvist in Atomiques zone.
3:35 of 3rd period - Robbie Earl is hit by Jonathan Huberdeau and loses puck.
3:56 of 3rd period - Wrist shot by Miikka Salomaki.
3:56 of 3rd period - Shot Misses the Net.
3:58 of 3rd period - Snap shot by Miikka Salomaki.
3:58 of 3rd period - Shot Misses the Net.
4:00 of 3rd period - Wrist shot by Miikka Salomaki.
4:00 of 3rd period - Stopped by Connor Hellebyuk with a rebound.
4:02 of 3rd period - Snap shot by Robbie Earl.
4:02 of 3rd period - Deflect By Radek Faksa.
4:02 of 3rd period - Shot Blocked by Wiley Sherman.
4:02 of 3rd period - Puck is out of play.
4:03 of 3rd period - Elias Lindholm wins face-off versus Kerby Rychel in Atomiques zone.
4:08 of 3rd period - Snap shot by Andreas Athanasiou.
4:08 of 3rd period - Stopped by Connor Hellebyuk with a rebound.
4:10 of 3rd period - Slapshot by Madison Bowey.
4:10 of 3rd period - Deflect By Kerby Rychel.
4:10 of 3rd period - Stopped by Connor Hellebyuk with a rebound.
4:12 of 3rd period - Slapshot by Elias Lindholm.
4:12 of 3rd period - Shot Blocked by Dustin Kohn.
4:14 of 3rd period - Snap shot by Elias Lindholm.
4:14 of 3rd period - Stopped by Connor Hellebyuk with a rebound.
4:16 of 3rd period - Slapshot by Andreas Athanasiou.
4:16 of 3rd period - Shot Misses the Net.
4:18 of 3rd period - Slapshot by Andreas Athanasiou.
4:18 of 3rd period - Goal by Andreas Athanasiou - Punishers : 4 - Atomiques : 2.
4:19 of 3rd period - Elias Lindholm wins face-off versus Michael Chaput in neutral zone.
4:22 of 3rd period - Wrist shot by Andreas Athanasiou.
4:22 of 3rd period - Stopped by Connor Hellebyuk with a rebound.
4:54 of 3rd period - Off-side.
4:55 of 3rd period - Miikka Salomaki wins face-off versus Oscar Sundqvist in neutral zone.
5:20 of 3rd period - Slava Voynov is hit by Eric Mestery and loses puck.
5:35 of 3rd period - Minor Penalty to Austen Brassard for High sticking.
5:36 of 3rd period - Robbie Earl wins face-off versus Oscar Sundqvist in Punishers zone.
6:01 of 3rd period - Madison Bowey is hit by Michael Chaput and loses puck.
6:18 of 3rd period - Minor Penalty to Slava Voynov for Holding.
6:19 of 3rd period - Oscar Sundqvist wins face-off versus Robbie Earl in Punishers zone.
7:35 of 3rd period - Penalty to Austen Brassard is over, Austen Brassard is back on ice.
7:42 of 3rd period - Matt Tennyson is hit by Madison Bowey and loses puck.
8:18 of 3rd period - Penalty to Slava Voynov is over, Slava Voynov is back on ice.
8:48 of 3rd period - Wrist shot by Slava Voynov.
8:48 of 3rd period - Stopped by Connor Hellebyuk with a rebound.
8:50 of 3rd period - Snap shot by Miikka Salomaki.
8:50 of 3rd period - Stopped by Connor Hellebyuk without a rebound.
8:51 of 3rd period - Michael Chaput wins face-off versus Elias Lindholm in Atomiques zone.
9:07 of 3rd period - Minor Penalty to Eric Mestery for Hooking.
9:08 of 3rd period - Corey Tropp wins face-off versus Elias Lindholm in Atomiques zone.
9:22 of 3rd period - Snap shot by Andreas Athanasiou.
9:22 of 3rd period - Shot Blocked by Dustin Kohn.
9:24 of 3rd period - Slapshot by Keith Yandle.
9:24 of 3rd period - Deflect By Andreas Athanasiou.
9:24 of 3rd period - Stopped by Connor Hellebyuk with a rebound.
10:02 of 3rd period - Miikka Salomaki is hit by Oscar Sundqvist and loses puck.
10:15 of 3rd period - Elias Lindholm is hit by Michael Chaput and loses puck.
11:07 of 3rd period - Penalty to Eric Mestery is over, Eric Mestery is back on ice.
11:40 of 3rd period - Joseph Cramarossa is hit by Brett Kulak and loses puck.
11:45 of 3rd period - Snap shot by Nikita Gusev.
11:45 of 3rd period - Deflect By Michael Joly.
11:45 of 3rd period - Stopped by Connor Hellebyuk with a rebound.
11:55 of 3rd period - Travis Sanheim is hit by Elias Lindholm and loses puck.
13:11 of 3rd period - Daniel Audette is hit by Oscar Sundqvist and loses puck.
14:06 of 3rd period - Slapshot by Slava Voynov.
14:06 of 3rd period - Deflect By Corey Tropp.
14:06 of 3rd period - Stopped by Connor Hellebyuk without a rebound.
14:07 of 3rd period - Oscar Sundqvist wins face-off versus Elias Lindholm in Atomiques zone.
14:18 of 3rd period - Slapshot by Corey Tropp.
14:18 of 3rd period - Stopped by Louis Domingue without a rebound.
14:19 of 3rd period - John Quenneville wins face-off versus Oscar Sundqvist in Punishers zone.
15:02 of 3rd period - Bobby Farnham is hit by Elias Lindholm and loses puck.
15:23 of 3rd period - Anthony Nigro is hit by Radek Faksa and loses puck.
15:38 of 3rd period - Snap shot by Corey Tropp.
15:38 of 3rd period - Stopped by Louis Domingue without a rebound.
15:39 of 3rd period - John Quenneville wins face-off versus Oscar Sundqvist in Punishers zone.
15:46 of 3rd period - Keith Yandle is hit by Dustin Kohn and loses puck.
16:41 of 3rd period - Icing by Colby Cohen.
16:42 of 3rd period - Anthony Nigro wins face-off versus Daniel Audette in Atomiques zone.
16:51 of 3rd period - Snap shot by Nikita Gusev.
16:51 of 3rd period - Shot Blocked by William Nylander.
16:53 of 3rd period - Snap shot by Slava Voynov.
16:53 of 3rd period - Shot Blocked by Dalton Smith.
16:55 of 3rd period - Wrist shot by Michael Joly.
16:55 of 3rd period - Stopped by Connor Hellebyuk with a rebound.
16:57 of 3rd period - Snap shot by Daniel Audette.
16:57 of 3rd period - Shot Misses the Net.
17:29 of 3rd period - Colby Cohen is hit by Tyler Bertuzzi and loses puck.
17:50 of 3rd period - Tyler Bertuzzi is hit by Wiley Sherman and loses puck.
18:18 of 3rd period - Travis Sanheim is hit by Elias Lindholm and loses puck.
19:13 of 3rd period - Jonathan Huberdeau is hit by Robbie Earl and loses puck.
19:24 of 3rd period - Slava Voynov is hit by Wiley Sherman and loses puck.
19:39 of 3rd period - Dalton Smith is hit by Slava Voynov.
Goals for this period are 1 for Punishers vs 0 for Atomiques.
Shots for this period are 13 for Punishers vs 3 for Atomiques.